 Dungeon Crawl Stone Soup version 0.28.0-43-g3370ac3207 (webtiles) character file.

Game seed: 16352639954852544955

243 DemonSlayer the Firebug (level 5, -1/36 HPs)
             Began as a Demonspawn Fire Elementalist on Mar 29, 2022.
             Slain by a hornet zombie (3 damage)
             ... on level 4 of the Dungeon.
             The game lasted 00:08:05 (4445 turns).

DemonSlayer the Firebug (DsFE)                      Turns: 4445, Time: 00:08:05

Health: -1/36      AC:  2    Str:  8    XL:     5   Next: 82%
Magic:  8/9        EV: 12    Int: 19    God:
Gold:   136        SH:  0    Dex: 13    Spells: 1/10 levels left

rFire   . . .      SeeInvis .   o - +1 mace (drain)
rCold   . . .      Faith    .   (no shield)
rNeg    . . .      Spirit   .   a - +0 robe
rPois   .          Reflect  .   (no helmet)
rElec   .          Harm     .   (no cloak)
rCorr   +          Rampage  .   (no gloves)
Will    .....                   (no boots)
Stlth   ++........              (no amulet)
HPRegen 0.12/turn               l - ring of resist corrosion
MPRegen 0.11/turn               (no ring)

@: mighty
A: powered by death 2, weakness stinger 1
a: no special abilities


You were on level 4 of the Dungeon.
You visited 1 branch of the dungeon, and saw 4 of its levels.

You collected 136 gold pieces.

Inventory:

Hand Weapons
 h - a +2 dagger of draining
 k - a +0 dagger of electrocution
 o - a +1 mace of draining (weapon)
Missiles
 i - 4 boomerangs of dispersal
Armour
 a - a +0 robe (worn)
 g - a +0 leather armour
Jewellery
 l - a ring of resist corrosion (left hand)
 n - a ring of fire
Wands
 e - a wand of flame (12)
Scrolls
 f - a scroll of silence
 j - 2 scrolls of teleportation
 m - a scroll of amnesia
Potions
 c - a potion of brilliance {unknown}
 d - a potion of lignification


   Skills:
 + Level 0.7 Fighting
 + Level 1.2 Maces & Flails
 + Level 2.1 Dodging
 + Level 2.8 Stealth
 + Level 3.3 Spellcasting
 + Level 2.5 Conjurations
 + Level 3.6 Fire Magic


You had one spell level left.
You knew the following spells:

 Your Spells              Type           Power      Damage    Failure   Level
a - Foxfire               Conj/Fire      56%        2x1d6     4%          1
b - Scorch                Fire           34%        2d7       4%          2
c - Conjure Flame         Conj/Fire      14%        6-21      12%         3
d - Teleport Other        Tloc           3%         N/A       41%         3

Your spell library contained the following spells:

 Spells                   Type           Power      Damage    Failure   Level
 Inner Flame              Hex/Fire       10%        N/A       22%         3
 Flame Wave               Conj/Fire      14%        2d6       38%         4
 Gell's Gravitas          Tloc           3%         N/A       41%         3
 Dispersal                Tloc           1%         N/A       100%        6


Dungeon Overview and Level Annotations

Branches:
Dungeon (4/15)
 Temple: D:4-7

Altars:
Sif Muna


Innate Abilities, Weirdness & Mutations

You regenerate health from kills.
You have a small tail.


Message History

You conjure some foxfire!
The hornet zombie misses you.
You conjure some foxfire!
The foxfire hits the hornet zombie.
The hornet zombie is lightly damaged.
The hornet zombie hits you.
You closely miss the hornet zombie.
You punch the hornet zombie, but do no damage.
The hornet zombie is lightly damaged.
The foxfire hits the hornet zombie but does no damage.
The hornet zombie is lightly damaged.
The hornet zombie hits you! The hornet zombie hits you.
You barely miss the hornet zombie.
The hornet zombie is lightly damaged.
The hornet zombie barely misses you. The hornet zombie misses you.
You closely miss the hornet zombie.
The hornet zombie is lightly damaged.
The hornet zombie hits you. The hornet zombie closely misses you.
You are too injured to fight recklessly!
You are too injured to fight recklessly!
You are too injured to fight recklessly!
You are too injured to fight recklessly!
You are too injured to fight recklessly!
You are too injured to fight recklessly!
You completely miss the hornet zombie.
The hornet zombie is lightly damaged.
The hornet zombie barely misses you.
You barely miss the hornet zombie.
The hornet zombie is lightly damaged.
The hornet zombie misses you. The hornet zombie hits you!
* * * LOW HITPOINT WARNING * * *
You barely miss the hornet zombie.
The hornet zombie is lightly damaged.
The hornet zombie hits you.
* * * LOW HITPOINT WARNING * * *
The hornet zombie barely misses you.
You hit the hornet zombie. You tail-slap the hornet zombie.
The hornet zombie is lightly damaged.
The hornet zombie misses you.
You feel very mighty all of a sudden. The hornet zombie closely misses you.
The hornet zombie hits you.
You die...

#.##.......###
###.###
#............######.#
#................#
#.......########
#.####.#...###
#......#...#
######.##### #.# #@#
#....Z.# #.###..#
#..# ...# .... ...#
....#


You could see a hornet zombie.

Vanquished Creatures
  A howler monkey (D:4)
  2 orc wizards (D:3)
  Ijyb (D:3)
  An iguana (D:2)
  5 adders
  An adder skeleton (D:4)
  2 dart slugs
  2 orcs
  6 ball pythons
  4 bats
  3 endoplasms
  2 giant cockroaches
  12 goblins
  3 hobgoblins
  5 kobolds
  2 frilled lizards (D:1)
  2 rats
  A toadstool (D:1)
55 creatures vanquished.

Vanquished Creatures (others)
  229 foxfires
  3 toadstools (D:1)
232 creatures vanquished.

Grand Total: 287 creatures vanquished

Notes
Turn   | Place    | Note
-------+----------+-------------------------------------------
     0 | D:1      | DemonSlayer the Demonspawn Fire Elementalist began the
                  | quest for the Orb.
     0 | D:1      | Reached XP level 1. HP: 13/13 MP: 3/3
   462 | D:1      | Gained mutation: You regenerate a little health from kills.
                  | [demonic ancestry]
   462 | D:1      | Reached XP level 2. HP: 18/19 MP: 3/5
   644 | D:1      | Learned a level 2 spell: Scorch
   644 | D:1      | Found a faded altar of an unknown god.
  1721 | D:2      | Gained mutation: You regenerate health from kills. [demonic
                  | ancestry]
  1721 | D:2      | Reached XP level 3. HP: 11/24 MP: 1/6
  2050 | D:2      | Learned a level 3 spell: Conjure Flame
  2500 | D:3      | Reached XP level 4. HP: 19/30 MP: 1/7
  2532 | D:2      | Reached skill level 1 in Maces & Flails
  3186 | D:3      | Noticed Ijyb
  3195 | D:3      | Killed Ijyb
  3434 | D:3      | Gained mutation: You have a small tail. [demonic ancestry]
  3434 | D:3      | Reached XP level 5. HP: 36/36 MP: 6/9
  3925 | D:3      | Found a shimmering blue altar of Sif Muna.
  3955 | D:4      | Learned a level 3 spell: Teleport Other
  4445 | D:4      | Slain by a hornet zombie

Illustrated notes

Levels and vault maps discovered:
D:1:      ldierk_water_garden, layout_loops_corners, basic_ecumenical_altar,
          supply_closet_lemuel
D:2:      layout_basic
D:3:      kennysheep_the_goblin_king, layout_basic, lemuel_round_altar,
          chequers_garden, skrybe_limestone_x, grunt_decor_resistance
D:4:      layout_loops_corners, uniq_duvessa, uniq_pikel

Skill      XL: |  1  2  3  4  5 |
---------------+----------------+-----
Stealth        | 2 |  2.8
Fire Magic     | 3 |  3.6
Dodging        | 2 |  2.1
Maces & Flails | 1 |  1.2
Conjurations   | 2 |  2.5
Spellcasting   | 3 |  3.3
Fighting       | |  0.7

Action                   |  1- 3 |  4- 6 || total
-------------------------+-------+-------++-------
Melee: Mace              |    33 |    33 ||    66
       Unarmed           |     4 |       ||     4
       Tailslap          |       |     4 ||     4
       Punch             |       |     1 ||     1
 Cast: Foxfire           |    68 |    81 ||   149
  Use: Potion            |     2 |     5 ||     7
       Scroll            |       |     4 ||     4
 Stab: Sleeping          |     2 |       ||     2
Armor: Robe              |    14 |     5 ||    19
       Skin              |       |     6 ||     6
Dodge: Dodged            |    32 |    38 ||    70
